NCAA
LOUISIANA STATE TIGERS @ LONG BEACH STATE 49ERS
03/16/2060
 
TOP OF THE 1ST
Louisiana State Tigers batting - Pitching for Long Beach State 49ers : RHP Phil Crutchfield
Pitching: RHP Phil Crutchfield
Batting: SHB Ishmael Robertson 0-0: DOUBLE (Groundball, 3L, EV 100.0 MPH)
Batting: SHB Malcolm Smith 0-0: Foul Ball, location: 2F
0-1: Ball
1-1: SINGLE (Line Drive, 34, EV 108.8 MPH)
Ishmael Robertson to third
Batting: RHB Darien Kerstetter 0-0: Ball
1-0: Fielders Choice at 2nd, 5-4 (Groundball, 56, EV 110.0 MPH)
Ishmael Robertson scores
Batting: RHB Alan Mullally 0-0: Ball
1-0: Ball
2-0: Ball
3-0: Called Strike
3-1: 2-RUN HOME RUN (Flyball, 7D, EV 104.4 MPH), Distance : 383 ft
Batting: SHB Jesse Strong 0-0: Ball
1-0: Ball
2-0: Foul Ball, location: 2F
2-1: Foul Ball, location: 2F
2-2: Strikes out swinging
Batting: RHB Damian Evans 0-0: Ball
1-0: Ball
2-0: Ball
3-0: Called Strike
3-1: Called Strike
3-2: Foul Ball, location: 2F
3-2: Base on Balls
Batting: RHB Frank McCullough Pickoff Throw to First - Out! 1-3
Top of the 1st over - 3 runs, 3 hits, 0 errors, 0 left on base; Louisiana State 3 - Long Beach State 0
BOTTOM OF THE 1ST
Long Beach State 49ers batting - Pitching for Louisiana State Tigers : RHP Samuel Sorg
Pitching: RHP Samuel Sorg
Batting: RHB Taylor Hughes 0-0: Foul Ball, location: 2F
0-1: Ball
1-1: Fly out, F9 (Flyball, 9S, EV 87.5 MPH)
Batting: LHB Harrison Cottrell 0-0: Ball
1-0: Swinging Strike
1-1: Ball
2-1: Foul Ball, location: 2F
2-2: Ball
3-2: SOLO HOME RUN (Flyball, 9D, EV 103.1 MPH), Distance : 365 ft
Batting: LHB Kellen Todd 0-0: Swinging Strike
0-1: Fly out, F8 (Line Drive, 8RD, EV 104.4 MPH)
Batting: RHB Jayson Artmann 0-0: Fly out, F8 (Line Drive, 8LS, EV 86.9 MPH)
Bottom of the 1st over - 1 run, 1 hit, 0 errors, 0 left on base; Louisiana State 3 - Long Beach State 1
TOP OF THE 2ND
Louisiana State Tigers batting - Pitching for Long Beach State 49ers : RHP Phil Crutchfield
Batting: RHB Frank McCullough 0-0: Ball
1-0: Called Strike
1-1: Ball
2-1: Swinging Strike
2-2: Fly out, F9 (Line Drive, 89M, EV 99.4 MPH)
Batting: SHB Jesse Gabrielson 0-0: Ball
1-0: Called Strike
1-1: Ball
2-1: Foul Ball, location: 2F
2-2: Strikes out swinging
Batting: LHB Gage Hoker 0-0: Ball
1-0: Fly out, F8 (Flyball, 8LD, EV 98.8 MPH)
Top of the 2nd over - 0 runs, 0 hits, 0 errors, 0 left on base; Louisiana State 3 - Long Beach State 1
BOTTOM OF THE 2ND
Long Beach State 49ers batting - Pitching for Louisiana State Tigers : RHP Samuel Sorg
Batting: RHB Ferd Chamberlain 0-0: Called Strike
0-1: Ball
1-1: Swinging Strike
1-2: SINGLE (Groundball, 6D, EV 101.9 MPH)
Batting: LHB Chase Johnson 0-0: Ball
1-0: Ball
2-0: Foul Ball, location: 2F
2-1: Fly out, F7 (Flyball, 7, EV 88.8 MPH)
Batting: SHB Haven Ramos 0-0: Ball
1-0: Fly out, F9 (Flyball, 89M, EV 77.5 MPH)
Batting: SHB Desi Madden 0-0: Foul Ball, location: 2F
0-1: SINGLE (Groundball, 25, EV 66.2 MPH) (infield hit)
Ferd Chamberlain to second
Batting: RHB Dick Fendley 0-0: Ball
1-0: Swinging Strike
1-1: Foul Ball, location: 2F
1-2: Fielders Choice at 2nd, 6-4 (Groundball, 6, EV 88.8 MPH)
Bottom of the 2nd over - 0 runs, 2 hits, 0 errors, 2 left on base; Louisiana State 3 - Long Beach State 1
TOP OF THE 3RD
Louisiana State Tigers batting - Pitching for Long Beach State 49ers : RHP Phil Crutchfield
Batting: SHB Ishmael Robertson 0-0: Swinging Strike
0-1: SINGLE (Line Drive, 7S, EV 88.1 MPH)
Batting: SHB Malcolm Smith 0-0: Ball
1-0: Ball
2-0: Ball
3-0: Called Strike
3-1: TRIPLE (Flyball, 89XD, EV 100.0 MPH)
Ishmael Robertson scores
Batting: RHB Darien Kerstetter 0-0: Ball
1-0: Ball
2-0: Fly out, F7 (Flyball, 7D, EV 92.5 MPH)
Runner from 3rd tags up, SCORES, throw by LF
Batting: RHB Alan Mullally 0-0: Ball
1-0: Called Strike
1-1: Ball
2-1: Swinging Strike
2-2: Strikes out swinging
Batting: SHB Jesse Strong 0-0: Called Strike
0-1: Ball
1-1: Ground out 4-3 (Groundball, 4MD, EV 81.9 MPH)
Top of the 3rd over - 2 runs, 2 hits, 0 errors, 0 left on base; Louisiana State 5 - Long Beach State 1
BOTTOM OF THE 3RD
Long Beach State 49ers batting - Pitching for Louisiana State Tigers : RHP Samuel Sorg
Batting: RHB Taylor Hughes 0-0: Fly out, F9 (Flyball, 9LS, EV 81.9 MPH)
Batting: LHB Harrison Cottrell 0-0: Ball
1-0: Fly out, F6 (Popup, 6MD, EV 70.0 MPH)
Batting: LHB Kellen Todd 0-0: Called Strike
0-1: Fly out, F8 (Line Drive, 8RM, EV 93.8 MPH)
Bottom of the 3rd over - 0 runs, 0 hits, 0 errors, 0 left on base; Louisiana State 5 - Long Beach State 1
TOP OF THE 4TH
Louisiana State Tigers batting - Pitching for Long Beach State 49ers : RHP Phil Crutchfield
Batting: RHB Damian Evans 0-0: Foul Ball, location: 2F
0-1: Foul Ball, location: 2F
0-2: Foul Ball, location: 2F
0-2: Ball
1-2: Ball
2-2: Ball
3-2: SINGLE (Line Drive, 8RS, EV 95.6 MPH)
Batting: RHB Frank McCullough 0-0: Called Strike
0-1: Called Strike
0-2: Hit by Pitch
Damian Evans to second
Batting: SHB Jesse Gabrielson 0-0: Called Strike
0-1: Ball
1-1: Ball
2-1: Foul Ball, location: 2F
2-2: Fielders Choice at 2nd, 6-4 (Groundball, 6, EV 80.0 MPH)
Damian Evans to third
Batting: LHB Gage Hoker 0-0: Called Strike
0-1: Foul Ball, location: 2F
0-2: Foul Ball, location: 2F
0-2: Reached on error, E4 (Groundball, 4, EV 101.2 MPH)
Damian Evans scores
Jesse Gabrielson to second
Batting: SHB Ishmael Robertson 0-0: Called Strike
0-1: Grounds into double play, 4-6-3 (Groundball, 4, EV 83.8 MPH)
Top of the 4th over - 1 run, 1 hit, 1 error, 1 left on base; Louisiana State 6 - Long Beach State 1
BOTTOM OF THE 4TH
Long Beach State 49ers batting - Pitching for Louisiana State Tigers : RHP Samuel Sorg
Batting: RHB Jayson Artmann 0-0: Foul Ball, location: 2F
0-1: Ground out 6-3 (Groundball, 6, EV 103.1 MPH)
Batting: RHB Ferd Chamberlain 0-0: Foul Ball, location: 2F
0-1: Swinging Strike
0-2: Fly out, F9 (Flyball, 89M, EV 76.9 MPH)
Batting: LHB Chase Johnson 0-0: Swinging Strike
0-1: Foul Ball, location: 2F
0-2: Ball
1-2: Ball
2-2: SINGLE (Groundball, 6M, EV 101.2 MPH) (infield hit)
Batting: SHB Haven Ramos 0-0: Swinging Strike
0-1: Foul Ball, location: 2F
0-2: Ball
Chase Johnson steals 2nd base
1-2: Foul Ball, location: 2F
1-2: Ball
2-2: Foul Ball, location: 2F
2-2: Ball
3-2: Strikes out looking
Bottom of the 4th over - 0 runs, 1 hit, 0 errors, 1 left on base; Louisiana State 6 - Long Beach State 1
TOP OF THE 5TH
Louisiana State Tigers batting - Pitching for Long Beach State 49ers : RHP Phil Crutchfield
Batting: SHB Malcolm Smith 0-0: Ball
1-0: Ball
2-0: Ball
3-0: Called Strike
3-1: Fly out, F8 (Flyball, 78M, EV 85.0 MPH)
Batting: RHB Darien Kerstetter 0-0: Fly out, F8 (Line Drive, 8LM, EV 90.6 MPH)
Batting: RHB Alan Mullally 0-0: Called Strike
0-1: Called Strike
0-2: Strikes out swinging
Top of the 5th over - 0 runs, 0 hits, 0 errors, 0 left on base; Louisiana State 6 - Long Beach State 1
BOTTOM OF THE 5TH
Long Beach State 49ers batting - Pitching for Louisiana State Tigers : RHP Samuel Sorg
Batting: SHB Desi Madden 0-0: Called Strike
0-1: Called Strike
0-2: Ball
1-2: Ball
2-2: Fly out, F7 (Flyball, 7D, EV 85.0 MPH)
Batting: RHB Dick Fendley 0-0: Ball
1-0: Ball
2-0: Ball
3-0: Foul Ball, location: 2F
3-1: Called Strike
3-2: SINGLE (Flyball, 5D, EV 87.5 MPH)
Batting: RHB Taylor Hughes 0-0: Called Strike
0-1: Ball
1-1: Called Strike
1-2: Fly out, F8 (Line Drive, 89M, EV 89.4 MPH)
Batting: LHB Harrison Cottrell 0-0: Ball
1-0: Fly out, F7 (Flyball, 7, EV 82.5 MPH)
Bottom of the 5th over - 0 runs, 1 hit, 0 errors, 1 left on base; Louisiana State 6 - Long Beach State 1
TOP OF THE 6TH
Louisiana State Tigers batting - Pitching for Long Beach State 49ers : RHP Phil Crutchfield
Pitching: LHP Brett Wells
Batting: SHB Jesse Strong 0-0: Ball
1-0: Foul Ball, location: 2F
1-1: Foul Ball, location: 2F
1-2: Strikes out swinging
Batting: RHB Damian Evans 0-0: Ball
1-0: Called Strike
1-1: SINGLE (Line Drive, 78S, EV 108.1 MPH)
Batting: RHB Frank McCullough 0-0: Foul Ball, location: 2F
0-1: Fly out, F8 (Flyball, 8LD, EV 76.9 MPH)
Batting: SHB Jesse Gabrielson 0-0: Swinging Strike
0-1: Foul Ball, location: 2F
0-2: Ball
1-2: Ball
2-2: Foul Ball, location: 2F
2-2: Strikes out swinging
Top of the 6th over - 0 runs, 1 hit, 0 errors, 1 left on base; Louisiana State 6 - Long Beach State 1
BOTTOM OF THE 6TH
Long Beach State 49ers batting - Pitching for Louisiana State Tigers : RHP Samuel Sorg
Batting: LHB Kellen Todd 0-0: Ball
1-0: Called Strike
1-1: Swinging Strike
1-2: Ball
2-2: Strikes out swinging
Batting: RHB Jayson Artmann 0-0: Called Strike
0-1: Foul Ball, location: 2F
0-2: Ball
1-2: Ground out 1-3 (Groundball, 15S, EV 63.8 MPH)
Batting: RHB Ferd Chamberlain 0-0: Ground out 6-3 (Groundball, 6, EV 98.8 MPH)
Bottom of the 6th over - 0 runs, 0 hits, 0 errors, 0 left on base; Louisiana State 6 - Long Beach State 1
TOP OF THE 7TH
Louisiana State Tigers batting - Pitching for Long Beach State 49ers : LHP Brett Wells
Batting: LHB Gage Hoker 0-0: Ball
1-0: Ground out 1-3 (Groundball, 13S, EV 67.5 MPH)
Batting: SHB Ishmael Robertson 0-0: Ball
1-0: Ball
2-0: Ball
3-0: Base on Balls
Batting: SHB Malcolm Smith 0-0: Ball
1-0: Called Strike
1-1: Foul Ball, location: 2F
1-2: Strikes out swinging
Batting: RHB Darien Kerstetter 0-0: Called Strike
0-1: Foul Ball, location: 2F
0-2: Ball
1-2: Fielders Choice at 2nd, 5-4 (Groundball, 5, EV 78.1 MPH)
Top of the 7th over - 0 runs, 0 hits, 0 errors, 1 left on base; Louisiana State 6 - Long Beach State 1
BOTTOM OF THE 7TH
Long Beach State 49ers batting - Pitching for Louisiana State Tigers : RHP Samuel Sorg
Batting: LHB Chase Johnson 0-0: Ball
1-0: Called Strike
1-1: Ball
2-1: Ball
3-1: SOLO HOME RUN (Flyball, 78XD, EV 100.0 MPH), Distance : 398 ft
Batting: SHB Haven Ramos 0-0: Called Strike
0-1: Called Strike
0-2: Ball
1-2: Strikes out looking
Pitching: LHP Burgess Owen
Batting: SHB Desi Madden 0-0: Called Strike
0-1: Ball
1-1: Foul Ball, location: 2F
1-2: Fly out, F7 (Flyball, 7, EV 85.0 MPH)
Batting: RHB Dick Fendley 0-0: Called Strike
0-1: Foul Ball, location: 2F
0-2: Foul Ball, location: 2F
0-2: Fly out, F7 (Flyball, 78D, EV 100.6 MPH)
Bottom of the 7th over - 1 run, 1 hit, 0 errors, 0 left on base; Louisiana State 6 - Long Beach State 2
TOP OF THE 8TH
Louisiana State Tigers batting - Pitching for Long Beach State 49ers : LHP Brett Wells
Batting: RHB Alan Mullally 0-0: Fly out, F9 (Flyball, 89M, EV 78.1 MPH)
Batting: SHB Jesse Strong 0-0: Called Strike
0-1: Ball
1-1: Ball
2-1: Foul Ball, location: 2F
2-2: Ball
3-2: Foul Ball, location: 2F
3-2: Base on Balls
Batting: RHB Damian Evans 0-0: Ball
1-0: Ball
2-0: SINGLE (Groundball, 56, EV 97.5 MPH) (infield hit)
Jesse Strong to second
Pitching: RHP Vincent Gerl
Batting: RHB Frank McCullough 0-0: Called Strike
Jesse Strong steals 3rd base
0-1: Called Strike
0-2: Ball
1-2: Fly out, F9 (Flyball, 89M, EV 96.2 MPH)
Runner from 3rd tags up, OUT at HOME! 9-2
Top of the 8th over - 0 runs, 1 hit, 0 errors, 1 left on base; Louisiana State 6 - Long Beach State 2
BOTTOM OF THE 8TH
Long Beach State 49ers batting - Pitching for Louisiana State Tigers : LHP Burgess Owen
Batting: RHB Taylor Hughes 0-0: Ground out 5-3 (Groundball, 5L, EV 108.8 MPH)
Pinch Hitting: RHB Riley Mason 0-0: Ball
1-0: SINGLE (Line Drive, 78S, EV 108.1 MPH)
Batting: LHB Kellen Todd 0-0: Ball
1-0: Ball
2-0: Ball
3-0: Base on Balls
Riley Mason to second
Batting: RHB Jayson Artmann 0-0: Ball
1-0: Foul Ball, location: 2F
1-1: Swinging Strike
1-2: Ball
2-2: Fly out, F3 (Popup, 3SF, EV 75.6 MPH)
Batting: RHB Ferd Chamberlain 0-0: Ball
1-0: Called Strike
1-1: Called Strike
1-2: Ball
2-2: Ball
3-2: SINGLE (Groundball, 6MS, EV 83.8 MPH) (infield hit)
Riley Mason to third
Kellen Todd to second
Batting: LHB Chase Johnson 0-0: Called Strike
0-1: Ball
1-1: Foul Ball, location: 2F
1-2: Strikes out swinging
Bottom of the 8th over - 0 runs, 2 hits, 0 errors, 3 left on base; Louisiana State 6 - Long Beach State 2
TOP OF THE 9TH
Louisiana State Tigers batting - Pitching for Long Beach State 49ers : RHP Vincent Gerl
Now in RF: Najeal Janssen
Batting: SHB Jesse Gabrielson 0-0: Ball
1-0: DOUBLE (Line Drive, 3D, EV 103.8 MPH)
Batting: LHB Gage Hoker 0-0: Swinging Strike
0-1: Ball
1-1: Ball
2-1: Foul Ball, location: 2F
2-2: Ball
3-2: Strikes out swinging
Batting: SHB Ishmael Robertson 0-0: Called Strike
0-1: Foul Ball, location: 2F
0-2: Reached via error on a dropped throw from 1B, E1 (Groundball, 34, EV 95.0 MPH)
Jesse Gabrielson to third
Batting: SHB Malcolm Smith 0-0: Called Strike
0-1: Foul Ball, location: 2F
0-2: Grounds into double play, 3-6-1 (Groundball, 3, EV 102.5 MPH)
Top of the 9th over - 0 runs, 1 hit, 1 error, 1 left on base; Louisiana State 6 - Long Beach State 2
BOTTOM OF THE 9TH
Long Beach State 49ers batting - Pitching for Louisiana State Tigers : LHP Burgess Owen
Pitching: RHP Tipton Erwin
Batting: SHB Haven Ramos 0-0: Foul Ball, location: 2F
0-1: Ball
1-1: SINGLE (Groundball, 4D, EV 101.2 MPH)
Batting: SHB Desi Madden 0-0: Called Strike
0-1: Foul Ball, location: 2F
0-2: SINGLE (Groundball, 34, EV 106.9 MPH)
Haven Ramos to second
Pinch Hitting: LHB Vince Key 0-0: Called Strike
0-1: Foul Ball, location: 2F
0-2: Ball
1-2: Ball
2-2: Fielders Choice at 2nd, 6-4 (Groundball, 56, EV 98.1 MPH)
Haven Ramos to third
Batting: RHB Taylor Hughes 0-0: Ball
1-0: Ball
2-0: Foul Ball, location: 2F
2-1: Foul Ball, location: 2F
2-2: Foul Ball, location: 2F
2-2: Foul Ball, location: 2F
2-2: Ball
3-2: Base on Balls
Vince Key to second
Batting: LHB Najeal Janssen 0-0: Foul Ball, location: 2F
0-1: Foul Ball, location: 2F
0-2: Ball
1-2: Ball
2-2: Ball
3-2: Foul Ball, location: 2F
3-2: Foul Ball, location: 2F
3-2: Foul Ball, location: 2F
3-2: Grounds out, U3 (Groundball, 3L, EV 84.4 MPH)
Haven Ramos scores
Vince Key to third
Batting: LHB Kellen Todd 0-0: Fly out, F8 (Flyball, 8RD, EV 93.8 MPH)
Bottom of the 9th over - 1 run, 2 hits, 0 errors, 2 left on base; Louisiana State 6 - Long Beach State 3
Wednesday, April 17th , 2024 - OOTP Baseball 23.10 Build 110